 Dungeon Crawl Stone Soup version 0.25-b1-50-g7b83aa72e5 (webtiles) character file.

Game seed: 2754917103934386048

1578 Peloso the Slasher (level 8, -2/48 HPs)
             Began as a Vampire Fighter on June 12, 2020.
             Killed by divine providence
             ... invoked by an orc priest
              (13 damage)
             ... on level 7 of the Dungeon.
             The game lasted 00:16:12 (6076 turns).

Peloso the Slasher (Vampire Fighter)                Turns: 6076, Time: 00:16:13

Health: -2/48      AC: 15    Str: 23    XL:     8   Next: 60%
Magic:  8/8        EV:  6    Int: 10    God:
Gold:   294        SH: 11    Dex: 14    Spells: 7/7 levels left

rFire    . . .     SeeInvis +   a - +0 long sword
rCold    + + .     Gourm    .   c - +0 kite shield
rNeg     + + +     Faith    .   p - +0 plate armour
rPois    ∞         Spirit   .   (no helmet)
rElec    .         Reflect  .   y - +0 cloak
rCorr    .         Harm     .   h - +0 pair of gloves
MR       .....                  j - +0 pair of boots
Stlth    ..........             (no amulet)
HPRegen  0.00/turn              e - ring of poison resistance
MPRegen  0.11/turn              u - +6 ring of strength

@: bloodless
A: no food, fangs 3, see invisible, unbreathing
a: Bat Form, Revivify


You were on level 7 of the Dungeon.
You were bloodless.

You visited 1 branch of the dungeon, and saw 7 of its levels.

You collected 294 gold pieces.

Inventory:

Hand Weapons
 a - a +0 long sword (weapon)
 b - a +2 dagger of flaming
Armour
 c - a +0 kite shield (worn)
 h - a +0 pair of gloves (worn)
 j - a +0 pair of boots (worn)
 l - a +0 scale mail
 p - a +0 plate armour (worn)
 y - a +0 cloak (worn)
Jewellery
 e - a ring of poison resistance (left hand)
 u - a +6 ring of strength (right hand)
Scrolls
 f - a scroll of noise {unknown}
 g - 6 scrolls of remove curse
 i - 2 scrolls of fog
 m - 4 scrolls of teleportation {unknown}
 o - a scroll of amnesia
 r - a scroll of blinking {unknown}
 v - 2 scrolls of enchant weapon {unknown}
 A - a scroll of enchant armour {unknown}
Potions
 d - 2 potions of might
 k - a potion of curing
 n - a potion of brilliance
 q - a potion of invisibility
 s - a potion of stabbing
 t - a potion of ambrosia {unknown}
 w - a potion of cancellation {unknown}
 x - a potion of magic
 B - a potion of haste


   Skills:
 + Level 4.2 Fighting
 + Level 7.0 Long Blades
 + Level 4.4 Armour
 + Level 2.4 Dodging
 + Level 0.6 Stealth
 + Level 5.8 Shields


You had 7 spell levels left.
You didn't know any spells.
Your spell library contained the following spells:

 Spells                   Type           Power        Failure   Level  Hunger
 Shock                    Conj/Air       #...         100%        1    N/A
 Swiftness                Chrm/Air       #.......     100%        2    N/A
 Static Discharge         Conj/Air       #.......     100%        3    N/A
 Airstrike                Air            #.........   100%        4    N/A
 Bolt of Magma            Conj/Fire/Erth #.........   100%        5    N/A
 Iskenderun's Battlesphe  Conj/Chrm      #.......     100%        5    N/A
 Lightning Bolt           Conj/Air       #.........   100%        5    N/A
 Iron Shot                Conj/Erth      #.........   100%        6    N/A
 Orb of Destruction       Conj           #.........   100%        7    N/A
 Spellforged Servitor     Conj/Summ      #.........   100%        7    N/A

Dungeon Overview and Level Annotations

Branches:
Dungeon (7/15)
 Temple: D:4-7

Altars:
Dithmenos
Kikubaaqudgha
Nemelex Xobeh
Yredelemnul

Shops:
D:6 (=


Innate Abilities, Weirdness & Mutations

You do not eat.
You do not regenerate when monsters are visible.
You are frail without blood (-20% HP).
You can heal yourself when you bite living creatures.
You are immune to poison.
You have razor-sharp teeth.
You have supernaturally acute eyesight. (SInv)
You can survive without breathing.


Message History

You hit the orc priest but do no damage.
You bite the orc priest!
You draw the orc priest's blood!
You feel better.
The orc priest is severely wounded.
You block the phantom's attack. You block the orc priest's attack.
You hit the orc priest.
The orc priest is almost dead.
The phantom hits you.
The phantom blinks!
The orc priest completely misses you.
The orc hits you with a cursed -3 flail.
You hit the orc priest but do no damage.
The orc priest is almost dead.
The orc priest invokes the aid of Beogh against you.
Beogh smites you!
* * * LOW HITPOINT WARNING * * *
Unknown command.
Your plate armour prevents you from hitting the orc priest.
The orc priest is almost dead.
The orc hits you but does no damage.
The orc priest invokes the aid of Beogh against you.
Beogh smites you!
You die...

....#####
........#
..!......#
.........#######
...............#
........)......#
...............#
.......)#######
.####...@o......
.......o(.......
..###..<(.......
#.#W#.......
#.#.########
..... .#.#.# ..
.#.# .. . #..


You could see a phantom, an orc priest and an orc.

Vanquished Creatures
  Sigmund (D:5)
  An orc warrior (D:6)
  An ice beast (D:6)
  3 ogres
  A centaur (D:6)
  A big kobold (D:6)
  2 bullfrogs (D:6)
  A vampire bat (D:3)
  A howler monkey (D:5)
  A hound (D:6)
  A centaur skeleton (D:6)
  3 orc wizards
  An iguana (D:6)
  Natasha (D:1)
  3 worker ants
  A howler monkey zombie (D:6)
  15 gnolls
  5 adders
  3 oozes
  An adder skeleton (D:4)
  3 worms (D:3)
  3 dart slugs
  5 leopard geckos
  19 orcs
  5 ball pythons
  3 bat skeletons (D:3)
  2 bat zombies (D:3)
  14 giant cockroaches
  4 hobgoblins
  2 jackals (D:2)
  16 kobolds
  2 quokkas
  A ball python skeleton (D:4)
  11 bats
  5 frilled lizards
  11 goblins
  7 rats
160 creatures vanquished.

Notes
Turn   | Place    | Note
-------+----------+-------------------------------------------
     0 | D:1      | Peloso the Vampire Fighter began the quest for the Orb.
     0 | D:1      | Reached XP level 1. HP: 17/17 MP: 1/1
    86 | D:1      | Reached XP level 2. HP: 23/23 MP: 2/2
   666 | D:2      | Reached XP level 3. HP: 28/28 MP: 3/3
   815 | D:1      | HP: 1/28 [gnoll (4)]
   923 | D:1      | Reached skill level 1 in Dodging
  1054 | D:1      | Reached XP level 4. HP: 27/35 MP: 4/4
  1165 | D:2      | Reached skill level 3 in Long Blades
  1187 | D:2      | Noticed Natasha
  1277 | D:1      | Killed Natasha
  1277 | D:1      | Reached XP level 5. HP: 9/41 MP: 5/5
  1634 | D:2      | Found a sparkling altar of Nemelex Xobeh.
  2472 | D:3      | Reached XP level 6. HP: 47/47 MP: 6/6
  2602 | D:3      | Reached skill level 4 in Long Blades
  3111 | D:3      | Found an ancient bone altar of Kikubaaqudgha.
  3374 | D:4      | Reached XP level 7. HP: 52/52 MP: 7/7
  3481 | D:4      | HP: 2/52 [gnoll/+0 spear (4)]
  4130 | D:5      | Entered Level 5 of the Dungeon
  4134 | D:5      | Noticed Sigmund
  4144 | D:5      | Killed Sigmund
  4144 | D:5      | Reached skill level 5 in Long Blades
  4787 | D:5      | Found a shadowy altar of Dithmenos.
  4944 | D:6      | Reached skill level 5 in Shields
  5157 | D:6      | Found Zaijen Tomi's Jewellery Shoppe.
  5202 | D:6      | Reached skill level 6 in Long Blades
  5202 | D:6      | Reached XP level 8. HP: 30/48 MP: 8/8
  5487 | D:6      | Found Ragrom's Antique Weapon Shoppe.
  5559 | D:6      | Found a basalt altar of Yredelemnul.
  6038 | D:6      | Reached skill level 7 in Long Blades
  6076 | D:7      | Killed from afar by an orc priest

Illustrated notes

Levels and vault maps discovered:
D:1:      ncdulo_halloftheorcs, layout_rooms, chequers_serial_rivers_micro_d
D:2:      minmay_roachtagon, layout_basic, nemelex_dance_club_becter,
          uniq_natasha
D:3:      layout_basic, kennysheep_vampire_church, glass_columns_a,
          minmay_increasing_density
D:4:      layout_cave_pods, first_ration, minmay_misc_feat_plants
D:5:      layout_loops_ring, lemuel_crystal_altar, uniq_sigmund
D:6:      layout_loops_cross, yredelemnul_altar_generic, serial_shops, shop,
          shop
D:7:      layout_basic, nemelex_xobeh_ov_fountains_minmay,
          minmay_temple_entry_gardened_gates

Skill      XL: |  1  2  3  4  5  6  7  8 |
---------------+-------------------------+-----
Shields        | 3 4 5 |  5.8
Dodging        | 1 2 |  2.4
Fighting       | 3 4 |  4.2
Long Blades    | 3 4 6 7 |  7.0
Armour         | 3 4 |  4.4
Stealth        | |  0.6

Action                   |  1- 3 |  4- 6 |  7- 9 || total
-------------------------+-------+-------+-------++-------
Melee: Long sword        |   128 |   315 |   199 ||   642
       Bite              |    13 |    47 |    38 ||    98
 Abil: Exsanguinate      |       |       |     1 ||     1
  Use: Scroll            |     2 |     5 |     4 ||    11
       Potion            |       |       |     1 ||     1
Armor: Scale mail        |    97 |   176 |       ||   273
       Plate armour      |       |    52 |   120 ||   172
Dodge: Dodged            |    62 |   108 |    27 ||   197
Block: Kite shield       |    85 |   201 |   103 ||   389
       Rpst.: Long sword |    15 |    31 |     6 ||    52
